 Dungeon Crawl Stone Soup version 0.22-a0-305-gd21a89c (webtiles) character file.

1321 Amnesiac the Prestidigitator (level 8, -5/46 HPs)
             Began as a Kobold Fighter on Mar 31, 2018.
             Killed from afar by an orc wizard (7 damage)
             ... with a magic dart
             ... on level 5 of the Dungeon.
             The game lasted 00:07:11 (3432 turns).

Amnesiac the Prestidigitator (Kobold Fighter)       Turns: 3432, Time: 00:07:12

Health: -5/46      AC: 10    Str: 20    XL:     8   Next: 90%
Magic:  14/14      EV: 11    Int: 10    God:
Gold:   159        SH:  0    Dex: 16    Spells: 7/7 levels left

rFire    . . .     SeeInvis .   a - +0 rapier
rCold    + . .     Gourm    .   c - +0 shield
rNeg     . . .     Faith    .   b - +0 scale mail
rPois    .         Spirit   .   e - +2 helmet
rElec    .         Reflect  .   (no cloak)
rCorr    .         Harm     .   k - +0 pair of gloves
MR       .....                  (no boots)
Stlth    ..........             (no amulet)
HPRegen  0.15/turn              g - +5 ring of strength
MPRegen  0.14/turn              (no ring)

@: confused
A: small, agile 1, carnivore, cold resistance 1
a: no special abilities


You were on level 5 of the Dungeon.
You were completely stuffed.

You visited 2 branches of the dungeon, and saw 6 of its levels.

You collected 159 gold pieces.

Inventory:

Hand Weapons
 a - a +0 rapier (weapon)
Missiles
 l - 11 poisoned needles
Armour
 b - a +0 scale mail (worn)
 c - a +0 shield (worn)
 e - a +2 helmet (worn)
 k - a +0 pair of gloves (worn)
Jewellery
 g - a +5 ring of strength (left hand)
Wands
 i - a wand of polymorph (11)
Potions
 d - a potion of berserk rage {!q, unknown}
 j - a potion of curing {!q}
Comestibles
 f - 6 rations
 h - 3 chunks of flesh


   Skills:
 - Level 3.3 Fighting
 - Level 8.1 Short Blades
 - Level 2.6 Armour
 - Level 2.5 Dodging
 - Level 2.6 Shields
 + Level 9.1 Evocations


You had 7 spell levels left.
You didn't know any spells.

Dungeon Overview and Level Annotations

Branches:
Dungeon (5/15)             Temple (1/1) D:5

Altars:
Ashenzari
Dithmenos
Fedhas
Hepliaklqana
Kikubaaqudgha
Qazlal
Sif Muna
Uskayaw
Vehumet
Wu Jian
Xom
Yredelemnul
Zin


Innate Abilities, Weirdness & Mutations

You are small and have problems with some larger weapons.
You are carnivorous and can eat meat at any time.
You are agile. (Dex +2)
Your flesh is cold resistant. (rC+)


Message History

You closely miss the orc priest. The orc wizard hits you with a dagger.
* * * LOW HITPOINT WARNING * * *
You block the orc priest's attack.
The orc wizard casts a spell.
The orc wizard blinks!
You closely miss the orc priest. Something hits you.
* * * LOW HITPOINT WARNING * * *
The orc priest invokes the aid of Beogh against you.
Beogh smites you!
* * * LOW HITPOINT WARNING * * *
You are too injured to fight recklessly!
You are too injured to fight recklessly!
You are too injured to fight recklessly!
You are too injured to fight recklessly!
You are too injured to fight recklessly!
You are too injured to fight recklessly!
You are too injured to fight recklessly!
You are too injured to fight recklessly!
You are too injured to fight recklessly!
You are too injured to fight recklessly!
You are too injured to fight recklessly!
You are too injured to fight recklessly!
You are too injured to fight recklessly!
You are too injured to fight recklessly!
You are too injured to fight recklessly!
You are too injured to fight recklessly!
You are too injured to fight recklessly!
You are too injured to fight recklessly!
You are too injured to fight recklessly!
You are too injured to fight recklessly!
You are too injured to fight recklessly!
You are too injured to fight recklessly!
You are too injured to fight recklessly!
You are too injured to fight recklessly!
You are too injured to fight recklessly!
You are too injured to fight recklessly!
You are too injured to fight recklessly!
You are too injured to fight recklessly!
You hit the orc priest.
The orc priest is lightly wounded.
Something hits you but does no damage. You block the orc priest's attack.
The orc wizard barely misses you.
You hit the orc priest.
The orc priest is moderately wounded.
Something hits you but does no damage.
The orc wizard hits you but does no damage.
The orc priest hits you but does no damage.
You puncture the orc priest!
The orc priest is almost dead.
The orc wizard hits you but does no damage.
You block something's attack.
The orc priest hits you but does no damage.
You hit the orc priest.
You kill the orc priest!
You block the orc wizard's attack.
You hear some strange, mumbled words.
You are confused.
The orc wizard hits you but does no damage.
The orc wizard gestures at you while chanting.
The magic dart hits you!
* * * LOW HITPOINT WARNING * * *
A magic dart appears from out of thin air!
The magic dart hits you!
You die...

##.########....##.. #..#.
#........##....#...
..#.###..............#...
....##.........#....#...
#.........##.###....#...
##............###....#... ...###
#.....##..###...(....##.. .....#
##.#.......# ####.........
......##....<#..@.###....#####...
............)#..[.##..########...
... .##......#..#.o..#...........
.###.#...........................
.................................
.≈≈≈≈≈..................[........
≈≈≈≈≈≈≈≈.........................
†≈≈≈≈≈≈≈≈≈...#........####.......
≈≈≈≈≈≈≈≈≈≈≈..##.##.#### #........


You could see an orc wizard.

Vanquished Creatures
  Grinder (D:4)
  A sky beast (Temple)
  2 centaurs
  An ogre (D:4)
  3 howler monkeys (D:5)
  A crimson imp (D:3)
  A jelly (D:5)
  3 orc priests
  2 hounds (D:4)
  A bullfrog skeleton (D:5)
  5 orc wizards
  Ijyb (D:4)
  3 worker ants
  A hound skeleton (D:4)
  7 adders
  A shadow imp (D:5)
  2 worms
  6 dart slugs
  5 leopard geckos
  21 orcs
  A ball python (D:2)
  4 bats
  2 giant cockroaches
  3 hobgoblins
  4 jackals
  3 kobolds
  2 frilled lizards
  3 goblins
  A jackal skeleton (D:5)
  3 rats
94 creatures vanquished.

Notes
Turn   | Place    | Note
-------+----------+-------------------------------------------
     0 | D:1      | Amnesiac the Kobold Fighter began the quest for the Orb.
     0 | D:1      | Reached XP level 1. HP: 14/14 MP: 1/1
    87 | D:1      | Reached XP level 2. HP: 7/19 MP: 2/2
    94 | D:1      | Reached skill level 1 in Dodging
   478 | D:1      | Reached XP level 3. HP: 20/23 MP: 3/3
   658 | D:2      | Reached skill level 5 in Short Blades
   658 | D:2      | Reached XP level 4. HP: 26/28 MP: 4/4
   856 | D:4      | Noticed a centaur
   869 | D:4      | Killed a centaur
   869 | D:4      | Reached XP level 5. HP: 12/32 MP: 5/5
   875 | D:4      | Noticed an ogre
   917 | D:4      | Found a blossoming altar of Fedhas.
   960 | D:3      | Reached XP level 6. HP: 15/37 MP: 6/6
  1187 | D:4      | Killed an ogre
  1654 | D:4      | Reached XP level 7. HP: 36/41 MP: 7/7
  1686 | D:4      | Noticed Grinder
  1692 | D:4      | Reached skill level 1 in Evocations
  1704 | D:4      | Killed Grinder
  1704 | D:4      | Reached skill level 4 in Evocations
  1755 | D:4      | Noticed Ijyb
  1777 | D:4      | Killed Ijyb
  1777 | D:4      | Reached skill level 5 in Evocations
  1937 | D:3      | Gained mutation: Your flesh is cold resistant. (rC+) [potion of mutation]
  1937 | D:3      | Gained mutation: You are agile. (Dex +2) [potion of mutation]
  2272 | D:4      | Reached XP level 8. HP: 46/46 MP: 12/12
  2302 | D:4      | Reached skill level 6 in Evocations
  2567 | D:5      | Entered Level 5 of the Dungeon
  2570 | D:5      | Found a staircase to the Ecumenical Temple.
  2594 | Temple   | Entered the Ecumenical Temple
  3078 | D:5      | Reached skill level 7 in Evocations
  3080 | D:5      | Reached skill level 8 in Evocations
  3317 | D:5      | Found a glowing drain.
  3422 | D:5      | Reached skill level 9 in Evocations
  3431 | D:5      | HP: 2/46 [orc wizard/magic dart (3)]
  3432 | D:5      | Killed from afar by an orc wizard

Vault maps used:
D:1:      nzn_arrival_settlement
D:2:      nicolae_gozag_zags_fifth_avenue, minmay_rat_hole
D:3:      corexii_hall_statues_x, small_statue_intersection
D:4:      fedhas_bush_and_centaur_altar, uniq_grinder, uniq_ijyb
D:5:      temple_pool_b, first_ration, gup_sewer_entry_glass
Temple:   nicolae_temple_hex_pool

Skill      XL: |  1  2  3  4  5  6  7  8 |
---------------+-------------------------+-----
Short Blades   | 3 5 6 8 |  8.1
Dodging        | 1 2 |  2.5
Evocations     | 5 9 |  9.1
Fighting       | |  3.3
Armour         | |  2.6
Shields        | |  2.6

Action                   |  1- 3 |  4- 6 |  7- 9 || total
-------------------------+-------+-------+-------++-------
Melee: Rapier            |    82 |   126 |   193 ||   401
Evoke: Wand              |       |       |    25 ||    25
  Use: Potion            |       |     2 |     3 ||     5
       Scroll            |       |     1 |     4 ||     5
  Eat: Chunk             |     8 |     3 |     6 ||    17
Armor: Scale mail        |    29 |    33 |    61 ||   123
Dodge: Dodged            |    33 |    51 |   106 ||   190
Block: Shield            |    34 |    50 |   101 ||   185

Table legend:
 A = Spawn XP
 B = Non-spawn XP
 C = Spawn XP percentage of total XP
 D = Spawn monster count
 E = Non-spawn monster count
 F = Spawn count percentage of total count
 G = Total turns spent on level
                    A         B        C        D         E        F      G
               +---------+---------+-------+---------+---------+-------+---------
         Total |       0 |    1888 |   0.0 |       0 |      94 |   0.0 |  3432
               +---------+---------+-------+---------+---------+-------+---------
           D:1 |       0 |      30 |   0.0 |       0 |      12 |   0.0 |   493
           D:2 |       0 |      69 |   0.0 |       0 |       9 |   0.0 |   154
           D:3 |       0 |     135 |   0.0 |       0 |      21 |   0.0 |   884
           D:4 |       0 |     894 |   0.0 |       0 |      26 |   0.0 |  1036
           D:5 |       0 |     604 |   0.0 |       0 |      24 |   0.0 |   384
        Temple |       0 |     156 |   0.0 |       0 |       2 |   0.0 |   481
               +---------+---------+-------+---------+---------+-------+---------
